 Dungeon Crawl Stone Soup version 0.31.0-11-ge490571c62 (webtiles) character file.

Game seed: 8722917336340256724

10225 Ryanme17 the Destroyer (level 11, -2/82 HPs)
             Began as a Green Draconian Conjurer on Feb 5, 2024.
             Was an Initiate of Vehumet.
             Slain by a tengu warrior
             ... wielding a +0 scimitar of flaming
              (5 damage)
             ... on level 8 of the Dungeon on Feb 9, 2024.
             The game lasted 00:34:24 (11678 turns).

Ryanme17 the Destroyer (Green Draconian Conjurer)  Turns: 11678, Time: 00:34:24

Health: -2/82      AC: 10    Str: 11    XL:     11   Next: 33%
Magic:  0/25       EV: 15    Int: 22    God:    Vehumet [......]
Gold:   501        SH:  0    Dex: 15    Spells: 19/30 levels left

rFire   . . .        k - +2 short sword (venom)
rCold   + + .        (no shield)
rNeg    . . .        (body armour unavailable)
rPois   +            (helmet restricted)
rElec   .            I - +0 cloak
rCorr   .            l - +0 pair of gloves
SInv    .            e - +0 pair of boots
Will    .....        D - amulet of the acrobat
Stlth   +++          m - ring of protection from cold
HPRegen 0.33/turn    G - +6 ring of dexterity
MPRegen 0.19/turn

%: acrobat
@: no status effects
A: breathe noxious fumes, AC +7, unfitting armour, poison resistance,
cold-blooded, cold resistance 1, teleportitis 1, wild magic 1
a: Breathe Noxious Fumes, Renounce Religion


You were on level 8 of the Dungeon.
You worshipped Vehumet.
Vehumet was noncommittal.
You visited 2 branches of the dungeon, and saw 10 of its levels.
You also visited: Sewer.

You collected 521 gold pieces.
You spent 20 gold pieces at shops.

Inventory:

Hand Weapons
 k - a +2 short sword of venom (weapon)
 u - a +5 short sword of holy wrath
Armour
 e - a +0 pair of boots (worn)
 l - a +0 pair of gloves (worn)
 I - a +0 cloak (worn)
Magical Staves
 J - a staff of earth
Jewellery
 m - a ring of protection from cold (left hand)
 A - a ring of flight
 D - an amulet of the acrobat (around neck)
 E - a ring of protection from cold
 F - an amulet of reflection
 G - a +6 ring of dexterity (right hand)
 H - a ring of resist corrosion
Wands
 d - a wand of paralysis (6)
 n - a wand of polymorph (33)
 s - a wand of flame (18)
 y - a wand of quicksilver (13)
Scrolls
 c - a scroll of fog
 f - a scroll of silence {unknown}
 j - a scroll of enchant armour {unknown}
 q - 2 scrolls of teleportation
 r - 2 scrolls of poison {unknown}
 t - a scroll of vulnerability
 v - a scroll of fear {unknown}
 w - 2 scrolls of torment {unknown}
 x - a scroll of amnesia {unknown}
 z - a scroll of immolation
Potions
 a - a potion of magic
 b - 2 potions of haste
 g - 7 potions of curing
 h - a potion of degeneration {unknown}
 i - a potion of resistance
 o - 4 potions of heal wounds
 p - a potion of enlightenment {unknown}
 B - a potion of lignification
 C - a potion of ambrosia
 K - a potion of brilliance


   Skills:
 + Level 3.1 Fighting
 + Level 7.3 Dodging
 + Level 4.8 Stealth
 + Level 10.2 Spellcasting
 + Level 11.4 Conjurations
 * Level 0.3 Hexes
 * Level 0.5 Necromancy
 + Level 3.5 Translocations


You had 19 spell levels left.
You knew the following spells:

 Your Spells              Type           Power      Damage    Failure   Level
a - Magic Dart            Conj           100%       1d8       1%          1
b - Searing Ray           Conj           100%       2d8       1%          2
c - Iskenderun's Mystic   Conj/Tloc      55%        2d12      4%          4
d - Anguish               Hex/Necr       8%         N/A       52%         4

Your spell library contained the following spells:

 Spells                   Type           Power      Damage    Failure   Level
 Momentum Strike          Conj/Tloc      100%       3d10      1%          2
 Apportation              Tloc           70%        N/A       2%          1
 Blink                    Tloc           70%        N/A       3%          2
 Lesser Beckoning         Tloc           70%        N/A       3%          2
 Gell's Gravitas          Tloc           35%        N/A       7%          3
 Teleport Other           Tloc           35%        N/A       7%          3
 Fulminant Prism          Conj/Alch      23%        3d12      9%          4
 Jinxbite                 Hex            32%        N/A       12%         2
 Ensorcelled Hibernation  Hex/Ice        30%        N/A       13%         2
 Fugue of the Fallen      Necr           18%        N/A       21%         3
 Summon Forest            Summ/Tloc      12%        N/A       69%         5
 Summon Mana Viper        Hex/Summ       15%        N/A       88%         5
 Yara's Violent Unravell  Hex/Alch       7%         3d5       88%         5
 Alistair's Intoxication  Alch           9%         N/A       90%         5
 Dispersal                Tloc           17%        N/A       95%         6
 Summon Cactus Giant      Summ           7%         N/A       100%        6
 Enfeeble                 Hex            8%         N/A       100%        7


Dungeon Overview and Level Annotations

Branches:
Dungeon (9/15)             Temple (1/1) D:7           Sewer (visited)
   Lair: D:8-11         Orc: D:9-12

Altars:
Ashenzari
Cheibriados
Dithmenos
Elyvilon
Fedhas
Gozag
Hepliaklqana
Kikubaaqudgha
Makhleb
Nemelex Xobeh
Okawaru
Qazlal
Ru
Sif Muna
Trog
Uskayaw
Vehumet
Wu Jian
Xom
Yredelemnul
Zin
The Shining One

Shops:
D:2 ?


Innate Abilities, Weirdness & Mutations

You can breathe blasts of noxious fumes.
Your lurid green scales are hard. (AC +7)
You cannot fit into any form of body armour.
Your system is resistant to poisons. (rPois)
You are cold-blooded and may be slowed by cold attacks.
Your flesh is cold resistant. (rC+)
You are occasionally teleported next to monsters.
Your spells are a little harder to cast, but a little more powerful.


Message History

The tengu warrior is knocked back by the mystic blast.
The tengu warrior slams into the stone wall!
The tengu warrior misses you. The tengu warrior pecks you.
The tengu warrior misses you.
Casting: Iskenderun's Mystic Blast (dangerous; 4% risk of failure)
Confirm with . or Enter, or press ? or * to list all spells.
You erupt in a blast of force!
The mystic blast hits the tengu warrior!
The tengu warrior is heavily wounded.
The tengu warrior is knocked back by the mystic blast.
The tengu warrior slams into the stone wall!
The tengu warrior is severely wounded.
The tengu warrior attacks as it pursues you!
The tengu warrior hits you with a +0 scimitar of flaming!
* * * LOW HITPOINT WARNING * * *
The tengu warrior burns you.
* * * LOW HITPOINT WARNING * * *
The tengu warrior pecks you.
* * * LOW HITPOINT WARNING * * *
The tengu warrior claws you but does no damage.
The tengu warrior attacks as it pursues you!
The tengu warrior completely misses you.
The tengu warrior pecks you but does no damage.
The tengu warrior completely misses you.
The tengu warrior attacks as it pursues you!
The tengu warrior closely misses you.
The tengu warrior completely misses you.
The tengu warrior claws you.
* * * LOW HITPOINT WARNING * * *
Casting: Iskenderun's Mystic Blast (dangerous; 4% risk of failure)
Confirm with . or Enter, or press ? or * to list all spells.
Aiming: Magic Dart (safe; 1% risk of failure)
Press: ? - help, Shift-Dir - straight line, f/p - tengu warrior
Aim: a tengu warrior, wielding a +0 scimitar of flaming, wearing a +3 plate armour of fire resistance and wearing a +0 kite shield (severely wounded, 100% to hit)
The magic dart hits the tengu warrior but does no damage.
The tengu warrior is severely wounded.
The tengu warrior hits you with a +0 scimitar of flaming!
* * * LOW HITPOINT WARNING * * *
The tengu warrior burns you.
You die...

.........##......[##...#..##.....
##.......#.........##.##.##.<###.
.#......##.........##.#..........
.....##.#.#(#######.#.#.........#
..####..#H##.#.#.#.#.##.........#
.#..##.##H #.#.#.#[#.#...........
.#..#..##c ##.#.#.#.##..####...[.
....#.###D #.#Q#.#.#....#...####
......# #R ##.#@#.##......#.#
.#...## :} #.#.#.#......####
##...# ##.#.##.....## #...##
#.#.#......#### #...#
##.##...#.....# #...#
#.#......#.#.##
....##############.....##....#
......................##.....#
...........###........##.....#


You could see a tengu warrior.

Vanquished Creatures
  A two-headed ogre (D:8)
  A manticore (D:8)
  Joseph (D:7)
  Jeremiah (D:8)
  A troll (D:7)
  Grinder (D:4)
  2 hornets (D:8)
  Sigmund (D:5)
  2 yaks (D:7)
  A steam dragon (D:6)
  Menkaure (D:6)
  3 water moccasins
  2 ice beasts
  2 black bears (D:6)
  3 sky beasts
  An orc warrior (D:8)
  An ogre (D:6)
  3 centaurs
  A phantom (D:6)
  Blork the orc (D:5)
  A brain worm (Sewer)
  2 bullfrogs (D:7)
  2 scorpions (D:4)
  2 vampire bats (D:5)
  A howler monkey (D:6)
  6 hounds
  2 bombardier beetles
  2 jellies
  2 gnoll boudas
  An orc priest (D:5)
  2 sleepcaps
  8 iguanas
  Ijyb (D:3)
  Natasha (thrice) (D:4)
  6 orc wizards
  9 gnolls
  11 adders
  A shadow imp (D:7)
  2 white imps
  6 ufetubi
  3 ribbon worms
  8 orcs
  14 bats
  4 bat skeletons (D:5)
  2 bat zombies (D:5)
  8 endoplasms
  9 giant cockroaches
  10 goblins
  10 hobgoblins
  5 kobolds
  5 quokkas
  6 ball pythons
  3 frilled lizards
  6 rats
193 creatures vanquished.

Notes
Turn   | Place    | Note
-------+----------+-------------------------------------------
     0 | D:1      | Ryanme17 the Draconian Conjurer began the quest for the
                  | Orb.
     0 | D:1      | Reached XP level 1. HP: 14/14 MP: 3/3
   147 | D:1      | Reached XP level 2. HP: 17/20 MP: 0/5
   347 | D:1      | Learned a level 2 spell: Searing Ray
   904 | D:2      | Reached XP level 3. HP: 26/26 MP: 1/6
  1254 | D:2      | Found Foqyn's Magic Scroll Emporium.
  1454 | D:2      | Bought a scroll of identify for 20 gold pieces
  2246 | D:2      | Reached XP level 4. HP: 33/33 MP: 4/7
  2415 | D:3      | Found a stormy altar of Qazlal.
  2615 | D:3      | Noticed Ijyb
  2688 | D:3      | Killed Ijyb
  2689 | D:3      | Reached skill level 5 in Conjurations
  2841 | D:3      | Found a glowing golden altar of the Shining One.
  2898 | D:3      | Found a shimmering altar of Xom.
  3379 | D:3      | Identified the +7 dagger of Callousness {freeze, ^Contam
                  | MP+9 Dex+5}
  3957 | D:4      | Found a glowing drain.
  4038 | Sewer    | Entered a sewer
  4069 | Sewer    | Noticed a brain worm
  4077 | Sewer    | Killed a brain worm
  4078 | Sewer    | Reached XP level 5. HP: 32/39 MP: 1/9
  4173 | Sewer    | Noticed a crocodile
  4429 | D:4      | Noticed Natasha
  4432 | D:4      | Killed Natasha
  4517 | D:4      | Reached XP level 6. HP: 46/46 MP: 7/11
  4919 | D:4      | Noticed Grinder
  4923 | D:4      | Paralysed by Grinder for 5 turns
  4932 | D:4      | Killed Grinder
  4933 | D:4      | Reached skill level 6 in Conjurations
  5479 | D:4      | Noticed Natasha
  5505 | D:4      | Your scales start taking on a lurid green colour.
  5505 | D:4      | Reached XP level 7. HP: 49/51 MP: 5/13
  5505 | D:4      | Gained mutation: Your system is resistant to poisons.
                  | (rPois) [Green Draconian growth]
  5507 | D:4      | Killed Natasha
  5812 | D:4      | Reached skill level 1 in Fighting
  5812 | D:4      | Reached skill level 5 in Spellcasting
  5955 | D:4      | Noticed Natasha
  5964 | D:4      | Killed Natasha
  6033 | D:5      | Entered Level 5 of the Dungeon
  6046 | D:5      | Learned a level 4 spell: Iskenderun's Mystic Blast
  6618 | D:5      | Reached XP level 8. HP: 61/61 MP: 5/16
  6745 | D:5      | Reached skill level 7 in Conjurations
  6869 | D:5      | Noticed Blork the orc
  6914 | D:5      | Killed Blork the orc
  7203 | D:5      | Found an ancient bone altar of Kikubaaqudgha.
  7346 | D:5      | Noticed Sigmund
  7353 | D:5      | Killed Sigmund
  7354 | D:5      | Reached skill level 1 in Translocations
  7754 | D:6      | Noticed Menkaure
  7758 | D:6      | Killed Menkaure
  8123 | D:6      | Gained mutation: Your spells are a little harder to cast,
                  | but a little more powerful. [potion of mutation]
  8123 | D:6      | Gained mutation: You are occasionally teleported next to
                  | monsters. [potion of mutation]
  8123 | D:6      | Gained mutation: Your flesh is cold resistant. (rC+)
                  | [potion of mutation]
  8199 | D:6      | Reached skill level 8 in Conjurations
  8429 | D:6      | Reached XP level 9. HP: 63/67 MP: 11/19
  9046 | D:7      | Noticed Joseph
  9058 | D:7      | Killed Joseph
  9269 | D:7      | Found an opulent altar of Gozag.
  9285 | D:7      | Noticed a troll
  9298 | D:7      | Killed a troll
  9299 | D:7      | Reached skill level 9 in Conjurations
 10078 | D:7      | Found a staircase to the Ecumenical Temple.
 10193 | Temple   | Entered the Ecumenical Temple
 10235 | Temple   | Became a worshipper of Vehumet
 10436 | D:8      | Noticed Jeremiah
 10442 | D:8      | Reached XP level 10. HP: 64/75 MP: 14/22
 10537 | D:8      | Reached skill level 11 in Conjurations
 10537 | D:8      | Reached XP level 11. HP: 81/81 MP: 22/24
 10656 | D:8      | Killed Jeremiah
 10807 | D:8      | Noticed a two-headed ogre
 10821 | D:8      | Reached skill level 10 in Spellcasting
 11086 | D:8      | Killed a two-headed ogre
 11364 | D:8      | Noticed a tengu warrior
 11364 | D:8      | Noticed a harpy
 11365 | D:8      | a harpy changed into a queen bee
 11366 | D:8      | Noticed a six-headed hydra
 11368 | D:8      | Identified the ring of the Commoners {rN++ Str-3 Dex+6}
 11368 | D:8      | Noticed a centaur warrior
 11370 | D:8      | a queen bee changed into a harpy
 11370 | D:8      | Noticed a harpy (shapeshifter)
 11489 | D:7      | Learned a level 4 spell: Anguish
 11678 | D:8      | HP: 3/82 [tengu warrior/+0 scimitar of flaming (15)]
 11678 | D:8      | Slain by a tengu warrior

Illustrated notes

Levels and vault maps discovered:
D:1:      lightli_arrival_statue_moat, layout_basic
D:2:      layout_basic, serial_shops, nicolae_shop_competitors_out_of_business
D:3:      layout_basic, lemuel_tele_altar, jmf_multi_god_temple2, uniq_ijyb
D:4:      cheibrodos_barr_body, layout_basic, portal_sewer_entry_f,
          minmay_quadrilaterals, uniq_grinder, uniq_natasha
D:5:      layout_basic, kennysheep_vampire_church, serial_rivers,
          chequers_serial_rivers_marsh, chequers_serial_rivers_small_a,
          chequers_serial_rivers_micro_a, chequers_serial_rivers_micro_e,
          chequers_serial_rivers_small_3, chequers_serial_rivers_large_a,
          uniq_sigmund, uniq_blork_the_orc
D:6:      layout_basic, minmay_joined_circles, uniq_menkaure
D:7:      layout_rooms, grunt_gozag_breadcrumbs, temple_statues, st_stairs_9,
          serial_park_tiny_pond, fountainhead, nicolae_twisty_statue_hallways,
          uniq_joseph
D:8:      minmay_the_grid_triangle_9x9_rhombus_thin
          [minmay_the_grid_triangle_9x9_stretched_checkered,
          minmay_the_grid_triangle_9x9_prize_center,
          minmay_the_grid_triangle_9x9_corrupted_corridor,
          minmay_the_grid_triangle_9x9_empty], layout_cave_pools, st_stairs_5,
          uniq_jeremiah
D:9:      layout_loops_cross, minivault_24, small_chamber_with_monster,
          uniq_amaemon, uniq_pikel, uniq_gastronok, uniq_erica
Temple:   bh_familiar_temple

Skill      XL: |  1  2  3  4  5  6  7  8  9 10 11 |
---------------+----------------------------------+-----
Dodging        | 2 3 4 7 |  7.3
Stealth        | 2 3 4 |  4.8
Conjurations   | 5 6 8 9 11 | 11.4
Spellcasting   | 3 4 5 6 8 9 10 | 10.2
Fighting       | 1 2 3 |  3.1
Translocations | 2 3 |  3.5
Hexes          | |  0.3
Necromancy     | |  0.5

Action                     |  1- 3 |  4- 6 |  7- 9 | 10-12 || total
---------------------------+-------+-------+-------+-------++-------
  Melee: Dagger            |    42 |       |       |       ||    42
         Tailslap          |     7 |       |       |       ||     7
         Short sword       |       |     5 |       |     4 ||     9
   Cast: Magic Dart        |    51 |    40 |   101 |    19 ||   211
         Searing Ray       |    13 |    29 |    60 |    24 ||   126
         Iskenderun's Myst |       |       |     8 |     5 ||    13
    Use: Scroll            |     2 |     4 |     4 |     5 ||    15
         Potion            |       |       |     1 |     3 ||     4
 Armour: Skin              |    31 |    17 |    73 |    60 ||   181
  Dodge: Dodged            |    43 |    13 |    83 |   108 ||   247
